 Dungeon Crawl Stone Soup version 0.31.0-32-g396128a36d (webtiles) character file.

Game seed: 2531009706804437977

26429 TangoThomas the Toxicologist (level 12, -1/91 HPs)
             Began as a Demonspawn Alchemist on Apr 22, 2024.
             Was the Champion of Okawaru.
             Killed by divine providence
             ... invoked by an orc high priest
              (13 damage)
             ... on level 2 of the Orcish Mines on Apr 23, 2024.
             The game lasted 00:44:24 (13382 turns).

TangoThomas the Toxicologist (DsAl)                Turns: 13382, Time: 00:44:24

Health: -1/91      AC: 10    Str: 11    XL:     12   Next: 98%
Magic:  16/22      EV: 14    Int: 21    God:    Okawaru [******]
Gold:   807        SH:  0    Dex: 15    Spells: 5/24 levels left

rFire   . . .        Q - +3 triple crossbow (freeze)
rCold   . . .        (shield currently unavailable)
rNeg    . . .        w - +0 troll leather armour {Pargi}
rPois   .            (helmet restricted)
rElec   .            S - scarf {shadows}
rCorr   .            o - +0 pair of gloves
SInv    .            E - +1 pair of boots {Stlth+}
Will    .....        p - amulet of regeneration
Stlth   +++          T - +4 ring of protection
HPRegen 1.95/turn    W - ring of flight
MPRegen 0.18/turn

%: no passive effects
@: flying
A: antennae 1, (demonic guardian 2), spiny 1, big brain 2
a: Renounce Religion, Heroism, Finesse, Duel, Receive Weapon


You were on level 2 of the Orcish Mines.
You worshipped Okawaru.
Okawaru was exalted by your worship.
You visited 3 branches of the dungeon, and saw 15 of its levels.
You also visited: Sewer.

You collected 1210 gold pieces.
You spent 403 gold pieces at shops.

Inventory:

Hand Weapons
 a - a +0 arbalest of flaming
 c - a +1 scythe of protection
 l - a +0 orcbow
 n - a +0 rapier
 H - a +2 short sword
 I - a +5 scimitar
 N - a +3 broad axe
 O - a +3 short sword of draining
 Q - a +3 triple crossbow of freezing (weapon)
 U - a +0 hand axe of venom
Missiles
 g - 8 poisoned darts
 t - 9 atropa-tipped darts
 u - a throwing net
Armour
 o - a +0 pair of gloves (worn)
 w - a +0 troll leather armour (worn) {Pargi}
 E - a +1 pair of boots of stealth (worn)
 S - a scarf of shadows (worn)
Jewellery
 j - a ring of ice
 p - an amulet of regeneration (around neck)
 q - an amulet of the acrobat
 K - a +6 ring of strength
 T - a +4 ring of protection (left hand)
 W - a ring of flight (right hand)
Wands
 y - a wand of flame (52)
 C - a wand of digging (4)
 R - a wand of light (2)
 Y - a wand of roots (5)
Scrolls
 d - 4 scrolls of teleportation
 f - a scroll of immolation
 i - 2 scrolls of poison
 m - a scroll of fog
 v - 3 scrolls of fear
 x - 5 scrolls of amnesia
 B - a scroll of enchant armour {unknown}
 G - 2 scrolls of enchant weapon {unknown}
 J - a scroll of summoning {unknown}
 P - a scroll of vulnerability {unknown}
 V - 2 scrolls of blinking {unknown}
 X - a scroll of revelation {unknown}
Potions
 b - 4 potions of magic
 h - 2 potions of cancellation
 k - 4 potions of heal wounds
 r - a potion of degeneration {unknown}
 s - 6 potions of ambrosia
 z - a potion of mutation {unknown}
 A - a potion of haste {unknown}
 D - 2 potions of enlightenment
 F - 3 potions of attraction {unknown}
 L - 3 potions of curing
 M - a potion of brilliance {unknown}


   Skills:
 + Level 7.3 Fighting
 - Level 1.3 Short Blades
 * Level 9.1 Ranged Weapons
 + Level 6.8 Dodging
 - Level 1.7 Stealth
 + Level 6.9 Spellcasting
 * Level 10.2 Conjurations
 * Level 10.7 Alchemy
 + Level 7.3 Invocations


You had 5 spell levels left.
You knew the following spells:

 Your Spells              Type           Power      Damage    Failure   Level
a - Sting                 Conj/Alch      100%       1d9       1%          1
b - Mercury Vapours       Alch/Air       58%        N/A       1%          2
c - Mephitic Cloud        Conj/Alch/Air  36%        N/A       1%          3
d - Olgreb's Toxic Radia  Alch           51%        N/A       1%          4
e - Sticky Flame          Fire/Alch      29%        2d7       13%         4
f - Irradiate             Conj/Alch      25%        3d20      4%          5

Your spell library contained the following spells:

 Spells                   Type           Power      Damage    Failure   Level
 Kiss of Death            Conj/Necr      100%       2d13      1%          1
 Confusing Touch          Hex            7%         N/A       34%         3
 Inner Flame              Hex/Fire       7%         N/A       34%         3
 Volatile Blastmotes      Fire/Tloc      14%        2d11      34%         3
 Arcjolt                  Conj/Air       14%        1d24      36%         5
 Dispel Undead            Necr           7%         3d8       75%         4
 Vhi's Electric Charge    Tloc/Air       14%        N/A       75%         4
 Borgnjor's Vile Clutch   Necr/Erth      3%         N/A       97%         5
 Ignition                 Fire           3%         3d4       100%        8
 Summon Ice Beast         Ice/Summ       Unusable   N/A       N/A         3
 Animate Dead             Necr           Unusable   N/A       N/A         4
 Summon Mana Viper        Hex/Summ       Unusable   N/A       N/A         5
 Death Channel            Necr           Unusable   N/A       N/A         6
 Monstrous Menagerie      Summ           Unusable   N/A       N/A         7

Dungeon Overview and Level Annotations

Branches:
Dungeon (12/15)            Temple (1/1) D:7            Lair (0/5) D:11
    Orc (2/2) D:12            Elf (0/3) Orc:2         Sewer (visited)

Altars:
Ashenzari
Cheibriados
Dithmenos
Fedhas
Gozag
Hepliaklqana
Kikubaaqudgha
Makhleb
Nemelex Xobeh
Okawaru
Qazlal
Ru
Sif Muna
Trog
Uskayaw
Vehumet
Wu Jian
Xom
Yredelemnul

Shops:
D:1 !   D:8 *   D:9 *

Annotations:
D:4 exclusion: statue
D:5 4 runed translucent doors, AdnanSaban's ghost, novice GrFi; Grumple's ghost, amateur GnSh
D:6 2 transporters, SomethingFishy's ghost, novice TrFi


Innate Abilities, Weirdness & Mutations

You have a pair of small antennae on your head.
((A demonic guardian rushes to your aid.))
You are partially covered in sharp spines.
You have an extremely huge brain. (Int +4)


Message History

The orc high priest is engulfed in noxious fumes.
You shoot a bolt. The bolt hits the orc high priest.
The bolt freezes the orc high priest.
The orc high priest is moderately wounded.
The sixfirhy is engulfed in noxious fumes.
The sixfirhy appears confused.
The sixfirhy hits the sun demon!
The sixfirhy shocks the sun demon.
The sun demon resists.
The sixfirhy is engulfed in noxious fumes.
The sixfirhy appears confused.
The sixfirhy barely misses the sun demon.
The sixfirhy hits itself!
The sun demon hits you!!
You are engulfed in flames!!
The orc high priest is engulfed in noxious fumes.
The orc high priest appears confused.
The orc high priest hits you with a +0 war axe.
The sixfirhy is engulfed in noxious fumes.
The sixfirhy appears confused.
The sun demon is struck by your spines. The sun demon hits you!
You are engulfed in flames!
* * * LOW HITPOINT WARNING * * *
The orc high priest is struck by your spines.
The orc high priest hits you with a +0 war axe.
* * * LOW HITPOINT WARNING * * *
The orc high priest barely misses the sun demon.
The sixfirhy is engulfed in noxious fumes.
The sixfirhy appears confused.
The sixfirhy hits the orc high priest.
The sixfirhy shocks the orc high priest!
You feel much better.
The sixfirhy is engulfed in noxious fumes.
The sixfirhy appears confused.
The sixfirhy is engulfed in noxious fumes.
The sixfirhy appears confused.
The sixfirhy is engulfed in noxious fumes.
The sixfirhy appears confused.
The hellwing closely misses you.
The hellwing hits you but does no damage.
The sun demon hits you!
You are engulfed in flames!!
* * * LOW HITPOINT WARNING * * *
The sixfirhy is engulfed in noxious fumes.
The sixfirhy appears confused.
The orc high priest invokes the aid of Beogh against you.
Beogh smites you!
You die...

.....# ...#...#....#
....## #.............#
#..## ....#...#....#
....# #...........##
##.## #...#...#...# .###
#..°3§)...## ##
#..#o§)#..# # ##..3o)..##
## ### #######@4.######
.###.### #......).)......
..#....###..)..)).)).....
...#......)......))......
)..)........)))..........
.........).).).).........
.......).....))))........
......)....).)()..)......
.........)....))..)......


You could see 2 orc high priests, a sun demon (summoned), a hellwing (summoned)
and a sixfirhy (summoned, confused).

Vanquished Creatures
  4 boulder beetles
  6 two-headed ogres
  2 orc high priests (Orc:2)
  8 orc knights (Orc:2)
  An ugly thing (D:11)
  An orc sorcerer (Orc:2)
  4 unseen horrors
  2 komodo dragons (D:11)
  2 trolls
  A queen bee (D:11)
  Prince Ribbit (D:5)
  Sigmund (D:2)
  13 yaks
  A water elemental (D:12)
  3 wyverns
  A basilisk (D:11)
  2 wargs (Orc:2)
  2 acid dragons
  3 water moccasins
  Duvessa (D:4)
  32 orc warriors
  2 ice beasts
  Pargi (Sewer)
  3 sky beasts
  A black bear (D:11)
  3 ogres
  4 centaurs
  A kobold brigand (D:8)
  5 bullfrogs
  A gnoll sergeant (D:10)
  A scorpion (D:6)
  Dowan (D:4)
  11 wights
  27 killer bees
  A howler monkey (D:11)
  An electric eel (D:12)
  A bombardier beetle (D:4)
  4 crimson imps (D:4)
  6 hounds
  A gnoll bouda (D:7)
  A jelly (D:6)
  27 orc priests
  3 sleepcaps
  Terence (D:2)
  3 iguanas
  12 orc wizards
  18 gnolls
  10 adders
  A white imp (D:5)
  2 ufetubi (D:6)
  5 dart slugs
  2 ribbon worms
  64 orcs
  8 endoplasms
  8 giant cockroaches
  7 goblins
  5 hobgoblins
  7 jackals
  5 quokkas
  9 ball pythons
  10 bats
  2 frilled lizards (D:2)
  A goblin zombie (D:4)
  13 kobolds
  12 rats
  A rat zombie (D:4)
403 creatures vanquished.

Vanquished Creatures (collateral kills)
  A troll (D:7)
  2 killer bees
  An iguana (D:4)
  An endoplasm (D:1)
5 creatures vanquished.

Vanquished Creatures (others)
  An orc warrior (Orc:2)
  2 killer bees
  A kobold (D:1)
4 creatures vanquished.

Grand Total: 412 creatures vanquished

Notes
Turn   | Place    | Note
-------+----------+-------------------------------------------
     0 | D:1      | TangoThomas the Demonspawn Alchemist began the quest for
                  | the Orb.
     0 | D:1      | Reached XP level 1. HP: 13/13 MP: 3/3
   152 | D:1      | Gained mutation: A weak demonic guardian rushes to your
                  | aid. [demonic ancestry]
   152 | D:1      | Reached XP level 2. HP: 16/19 MP: 0/5
   512 | D:1      | Learned a level 2 spell: Mercury Vapours
   776 | D:1      | Found Ychahu's Distillery.
   977 | D:1      | Reached XP level 3. HP: 18/25 MP: 6/6
  1460 | D:1      | Reached skill level 1 in Short Blades
  1577 | D:2      | Noticed Terence
  1589 | D:2      | Killed Terence
  1590 | D:2      | Reached skill level 1 in Fighting
  1590 | D:2      | Reached XP level 4. HP: 19/32 MP: 0/7
  2030 | D:2      | You fall into a shaft and drop 1 floor!
  2258 | D:2      | Noticed Sigmund
  2282 | D:2      | Killed Sigmund
  2283 | D:2      | Reached skill level 1 in Ranged Weapons
  2283 | D:2      | Reached XP level 5. HP: 15/38 MP: 1/8
  2283 | D:2      | Gained mutation: You have an unusually large brain. (Int
                  | +2) [demonic ancestry]
  2283 | D:2      | Reached XP level 6. HP: 18/44 MP: 1/9
  2481 | D:2      | Learned a level 3 spell: Mephitic Cloud
  3025 | D:3      | Found an ancient bone altar of Kikubaaqudgha.
  3065 | D:3      | Found a sacrificial altar of Ru.
  3195 | D:3      | Found a snail-covered altar of Cheibriados.
  3890 | D:4      | Found a shadowy altar of Dithmenos.
  3915 | D:4      | Found a glowing drain.
  3933 | Sewer    | Entered a sewer
  4012 | Sewer    | Noticed Pargi
  4025 | Sewer    | Killed Pargi
  4195 | D:4      | Gained mutation: You are partially covered in sharp spines.
                  | [demonic ancestry]
  4195 | D:4      | Reached XP level 7. HP: 51/51 MP: 11/11
  4198 | D:4      | Got the Almanac of Windy Incineration
  4204 | D:4      | Learned a level 4 spell: Olgreb's Toxic Radiance
  4239 | D:4      | Found a radiant altar of Vehumet.
  4326 | D:4      | Noticed Duvessa
  4326 | D:4      | Noticed Dowan
  4338 | D:4      | Killed Duvessa
  4339 | D:4      | Reached skill level 5 in Alchemy
  4349 | D:4      | Killed Dowan
  4629 | D:4      | Found a shimmering altar of Xom.
  4864 | D:5      | Entered Level 5 of the Dungeon
  4949 | D:5      | Gained mutation: You have an extremely huge brain. (Int +4)
                  | [demonic ancestry]
  4949 | D:5      | Reached XP level 8. HP: 58/58 MP: 13/13
  5026 | D:5      | Noticed Prince Ribbit
  5035 | D:5      | Killed Prince Ribbit
  5263 | D:5      | Found a runed translucent gate.
  5263 | D:5      | Found a runed translucent gate.
  5263 | D:5      | Found a runed translucent gate.
  5264 | D:5      | Noticed AdnanSaban's ghost (novice GrFi)
  5265 | D:5      | Noticed Grumple's ghost (amateur GnSh)
  5334 | D:5      | Found a sparkling altar of Nemelex Xobeh.
  5380 | D:5      | Found a runed translucent door.
  5381 | D:5      | Found a basalt altar of Yredelemnul.
  5449 | D:5      | Reached skill level 5 in Conjurations
  5949 | D:6      | Noticed a rust devil
  5963 | D:6      | Found a transporter.
  6019 | D:6      | Noticed SomethingFishy's ghost (novice TrFi)
  6023 | D:6      | Found a transporter.
  6279 | D:6      | Reached XP level 9. HP: 46/65 MP: 15/15
  6446 | D:7      | Noticed a troll
  6460 | D:7      | Killed a troll
  6507 | D:7      | Found a burning altar of Makhleb.
  6660 | D:7      | Found a staircase to the Ecumenical Temple.
  6671 | Temple   | Entered the Ecumenical Temple
  6682 | Temple   | Became a worshipper of Warmaster Okawaru
  6802 | D:7      | Reached skill level 5 in Ranged Weapons
  6849 | D:7      | Reached * piety under Okawaru
  6965 | D:7      | Found a broken altar of Ashenzari.
  7280 | D:7      | Reached skill level 1 in Invocations
  7613 | D:8      | Found Pimoastro's Demolitions Depot.
  7876 | D:8      | Noticed a two-headed ogre
  7889 | D:8      | Killed a two-headed ogre
  7889 | D:8      | Reached ** piety under Okawaru
  7890 | D:8      | Gained mutation: A demonic guardian rushes to your aid.
                  | [demonic ancestry]
  7890 | D:8      | Reached XP level 10. HP: 73/73 MP: 5/17
  8244 | D:8      | Reached skill level 5 in Fighting
  8258 | D:8      | Reached skill level 5 in Spellcasting
  8616 | D:9      | Reached skill level 5 in Dodging
  8635 | D:9      | Found Hofuemu's Assorted Antiques.
  8643 | D:9      | Bought a glowing triple crossbow for 403 gold pieces
  8668 | D:9      | Reached *** piety under Okawaru
  8710 | D:9      | Found a blossoming altar of Fedhas.
  9396 | D:10     | Entered Level 10 of the Dungeon
  9540 | D:10     | Noticed a two-headed ogre
  9547 | D:10     | Killed a two-headed ogre
  9547 | D:10     | Reached **** piety under Okawaru
  9866 | D:10     | Learned a level 4 spell: Sticky Flame
  9872 | D:10     | Learned a level 5 spell: Irradiate
  9901 | D:10     | Reached XP level 11. HP: 64/80 MP: 14/19
 10221 | D:11     | Found a staircase to the Lair.
 10340 | D:11     | Reached ***** piety under Okawaru
 10458 | D:11     | Noticed a boulder beetle
 10487 | D:11     | Killed a boulder beetle
 10488 | D:11     | Reached skill level 5 in Invocations
 10691 | D:11     | Noticed a two-headed ogre
 10697 | D:11     | Killed a two-headed ogre
 10884 | D:11     | Identified the +7 chain mail of Vlad {Will- Dex+4}
 10960 | D:11     | Noticed a brown ugly thing
 11145 | D:11     | Killed a brown ugly thing
 11391 | D:12     | Found a staircase to the Orcish Mines.
 11461 | D:12     | Noticed a two-headed ogre
 11464 | D:12     | Killed a two-headed ogre
 11590 | D:12     | Received a gift from Okawaru
 11628 | D:12     | Noticed a two-headed ogre
 11633 | D:12     | Noticed a boulder beetle
 11634 | D:12     | Killed a two-headed ogre
 11645 | D:12     | Killed a boulder beetle
 11646 | D:12     | Gained mutation: You have a pair of small antennae on your
                  | head. [demonic ancestry]
 11646 | D:12     | Reached XP level 12. HP: 45/89 MP: 12/21
 11734 | D:12     | Noticed a boulder beetle
 11750 | D:12     | Killed a boulder beetle
 11767 | D:12     | Noticed a two-headed ogre
 11773 | D:12     | Killed a two-headed ogre
 11854 | D:12     | Found a stormy altar of Qazlal.
 12002 | D:12     | Noticed a boulder beetle
 12018 | D:12     | Killed a boulder beetle
 12171 | Orc:1    | Entered Level 1 of the Orcish Mines
 12370 | Orc:2    | Entered Level 2 of the Orcish Mines
 12412 | Orc:2    | Reached skill level 10 in Alchemy
 12533 | Orc:2    | Received a gift from Okawaru
 12746 | Orc:2    | Noticed an orc high priest
 12752 | Orc:2    | Killed an orc high priest
 12752 | Orc:2    | Reached ****** piety under Okawaru
 12752 | Orc:2    | Received a gift from Okawaru
 12852 | Orc:2    | Acquired a +1 pair of boots of stealth
 12852 | Orc:2    | Received a gift from Okawaru
 13081 | Orc:2    | Found a staircase to the Elven Halls.
 13144 | Orc:2    | Reached skill level 10 in Conjurations
 13240 | Orc:2    | Noticed an orc high priest
 13248 | Orc:2    | Killed an orc high priest
 13368 | Orc:2    | Noticed an orc high priest
 13372 | Orc:2    | Noticed an orc high priest
 13382 | Orc:2    | Killed from afar by an orc high priest

Illustrated notes

Levels and vault maps discovered:
D:1:      dpeg_arrival_ratfight, layout_basic, serial_shops, shop,
          solitary_fountain, serial_park_tiny_pond, lemuel_flame_loot_1
D:2:      layout_basic, minmay_cupped, uniq_terence, uniq_sigmund
D:3:      layout_loops_ring, nicolae_ru_path_of_blood, slow_altar_1,
          lemuel_doored_altar
D:4:      cheibrodos_helix_gallery, layout_basic, vehumet_statue,
          mainiacjoe_overflow_tiny_flanked, led_xom_imps, enter_ossuary_4,
          gup_sewer_entry_glass, uniq_duvessa
D:5:      layout_basic, dk_yredelemnul_ordeal, nemelex_dance_club_becter,
          gammafunk_ghost_cemetery, minmay_misc_feat_encased, moated_statue,
          nrook_mini_backslash, st_stairs_4, uniq_prince_ribbit1
D:6:      layout_rooms, gammafunk_ghost_abyssal_escape
D:7:      layout_basic, makhleb_heckhound_becter, mainiacjoe_overflow_24_doors,
          minmay_temple_entry_arrows
D:8:      layout_basic, nicolae_blasting_shop
D:9:      layout_roguey, fedhas_bush_and_centaur_altar,
          nicolae_overflow_crystal_walls, serial_shops, shop,
          kennysheep_opposing_triangles
D:10:     layout_roguey
D:11:     layout_long_grid, david_lair_generic, special_room [special_room_bee]
D:12:     layout_roguey, erik_orc_2, grunt_qazlal_clouds
Temple:   hellmonk_temple_flake
Orc:1:    layout_diamond_mine, basic_altar
Orc:2:    st_orc_pillars, layout_caves, nicolae_orc_found_a_spring, mines2_david

Skill      XL: |  1  2  3  4  5  6  7  8  9 10 11 12 |
---------------+-------------------------------------+-----
Dodging        | 2 3 4 5 6 |  6.8
Short Blades   | 1 |  1.3
Fighting       | 1 2 3 4 5 6 7 |  7.3
Conjurations   | 2 3 4 5 6 7 9 10 | 10.2
Ranged Weapons | 1 2 3 4 5 6 8 9 |  9.1
Alchemy        | 4 5 6 7 8 9 10 | 10.7
Spellcasting   | 3 4 5 6 |  6.9
Invocations    | 2 4 6 7 |  7.3
Stealth        | |  1.7

Action                     |  1- 3 |  4- 6 |  7- 9 | 10-12 || total
---------------------------+-------+-------+-------+-------++-------
  Melee: Unarmed           |    23 |       |       |       ||    23
         Dagger            |    93 |    29 |       |       ||   122
         Punch             |     1 |     1 |       |       ||     2
         Orcbow            |       |       |     1 |     3 ||     4
   Fire: Orcbow            |       |   184 |   322 |    74 ||   580
         Triple crossbow   |       |       |       |   424 ||   424
   Cast: Sting             |    39 |    53 |    49 |     1 ||   142
         Mercury Vapours   |     1 |     7 |    15 |    10 ||    33
         Mephitic Cloud    |       |     1 |     5 |    89 ||    95
         Olgreb's Toxic Ra |       |       |       |     2 ||     2
 Invoke: Receive Armour    |       |       |       |     1 ||     1
  Evoke: Wand              |       |       |     2 |       ||     2
    Use: Scroll            |     2 |     2 |     3 |     6 ||    13
         Potion            |     1 |     1 |       |     2 ||     4
   Stab: Sleeping          |     2 |     1 |       |       ||     3
 Armour: Robe              |    81 |   155 |       |       ||   236
         Troll leather arm |       |     7 |   158 |   220 ||   385
  Dodge: Dodged            |    98 |   185 |   165 |   170 ||   618
